 Dungeon Crawl Stone Soup version 0.31-a0-240-gb923e448b6 (webtiles) character file.

Game seed: 13105182816091684929

96 qw the Shooter (level 4, -3/26 HPs)
             Began as a Gargoyle Hexslinger on July 12, 2023.
             Slain by a green draconian
             ... wielding a +0 dire flail
              (13 damage)
             ... on level 1 of the Abyss.
             The game lasted 00:00:53 (2316 turns).

qw the Shooter (Gargoyle Hexslinger)                Turns: 2316, Time: 00:00:53

Health: -3/26      AC:  7    Str: 11    XL:     4   Next: 67%
Magic:  5/5        EV: 12    Int: 14    God:
Gold:   173        SH:  0    Dex: 20    Spells: 4/5 levels left

rFire   . . .        Y - +2 sling
rCold   . . .        (no shield)
rNeg    + . .        f - +0 leather armour
rPois   inf          (no helmet)
rElec   +            h - +0 cloak
rCorr   .            (no gloves)
SInv    .            (no boots)
Will    .....        (no amulet)
Stlth   +            e - +6 ring of dexterity
HPRegen 0.24/turn    (no ring)
MPRegen 0.09/turn

%: no passive effects
@: no status effects
A: sickness immunity, AC +3, negative energy resistance 1, electricity
resistance, torment resistance 1, petrification resistance
a: no special abilities


You were on level 1 of the Abyss.
You visited 1 branch of the dungeon, and saw 4 of its levels.
You visited the Abyss 1 time.

You collected 173 gold pieces.


Innate Abilities, Weirdness & Mutations

You are immune to sickness and miasma.
Your stone body is resilient. (AC +3)
You are immune to poison.
You resist negative energy. (rN+)
You are resistant to electric shocks. (rElec)
You are resistant to unholy torment.
You are immune to petrification.


   Skills:
 - Level 2.0 Fighting
 + Level 4.4 Ranged Weapons
 - Level 1.5 Dodging
 - Level 1.0 Spellcasting
 - Level 2.6 Hexes


You had 4 spell levels left.
You knew the following spells:

 Your Spells              Type           Power      Damage    Failure   Level
a - Slow                  Hex            32%        N/A       12%         1

Your spell library contained the following spells:

 Spells                   Type           Power      Damage    Failure   Level
 Inner Flame              Hex/Fire       4%         N/A       52%         3
 Portal Projectile        Hex/Tloc       8%         N/A       52%         3
 Cause Fear               Hex            4%         N/A       75%         4

Inventory:

Hand Weapons
 Y - a +2 sling (weapon)
Armour
 f - a +0 leather armour (worn)
 h - a +0 cloak (worn)
Jewellery
 e - a +6 ring of dexterity (left hand)
Scrolls
 c - a scroll of vulnerability {unknown}
 i - a scroll of identify
Potions
 a - a potion of berserk rage {unknown}
 b - a potion of haste {unknown}
 d - a potion of heal wounds {unknown}
 k - a potion of curing {unknown}

Dungeon Overview and Level Annotations

Branches:
Dungeon (4/15)
 Temple: D:4-7

Altars:

Shops:
D:2 :


Message History

Enter note: You shoot a sling bullet.
The green draconian roars!
The sling bullet hits the green draconian.
The green draconian is lightly wounded.
You shoot a sling bullet.
The sling bullet hits the green draconian but does no damage.
The green draconian is lightly wounded.
The green draconian breathes poison at you.
You shoot a sling bullet.
The sling bullet hits the green draconian.
The green draconian is lightly wounded.
You shoot a sling bullet.
The sling bullet barely misses the green draconian.
You shoot a sling bullet.
The sling bullet hits the green draconian but does no damage.
The green draconian is lightly wounded.
The green draconian breathes poison at you.
The blast of poison engulfs you but does no damage.
You resist.
You shoot a sling bullet.
The sling bullet closely misses the green draconian.
You shoot a sling bullet.
The sling bullet closely misses the green draconian.
You shoot a sling bullet.
The sling bullet hits the green draconian but does no damage.
The green draconian is lightly wounded.
The green draconian hits you with a +0 dire flail!
The green draconian closely misses you.
You shoot a sling bullet.
The sling bullet hits the green draconian.
The green draconian is lightly wounded.
The green draconian hits you with a +0 dire flail!
The green draconian closely misses you. x3
You shoot a sling bullet.
The sling bullet hits the green draconian!
The green draconian is lightly wounded.
The green draconian hits you with a +0 dire flail!
Ouch! That really hurt!
You die...

............ #...
...........
............... .
.. ......... #...
#......# #.#
##......# #
#...##.d#.##.. .>
#...0@.....# ##.#
#..0#0#...## .
..##....0# ###.
..#.... #######.#
#..#.#...........
#.......#......#
# ..##... .###.#
##.# # # .##.# .
.. .+ # ...####
....# #


You could see a green draconian.

Vanquished Creatures
  2 adders (D:2)
  A white imp (D:3)
  A worm (D:1)
  2 dart slugs (D:1)
  8 ball pythons
  9 endoplasms
  2 giant cockroaches (D:2)
  6 goblins
  3 hobgoblins
  8 kobolds
  7 bats
  5 frilled lizards
  7 rats
61 creatures vanquished.

Notes
Turn   | Place    | Note
-------+----------+-------------------------------------------
     0 | D:1      | qw the Gargoyle Hexslinger began the quest for the Orb.
     0 | D:1      | Reached XP level 1. HP: 12/12 MP: 2/2
     0 | D:1      | 0 ||| qw: Version: 0.3-a-52-g30416fa
     0 | D:1      | 0 ||| qw: Game counter: 6168
     0 | D:1      | 0 ||| qw: Melee chars always use a shield: true
     0 | D:1      | 0 ||| qw: God list: Okawaru
     0 | D:1      | 0 ||| qw: Allow faded altars: false
     0 | D:1      | 0 ||| qw: Do Orc after clearing Dungeon:15 true
     0 | D:1      | 0 ||| qw: Do second Lair branch before Depths: true
     0 | D:1      | 0 ||| qw: Lair rune preference: random
     0 | D:1      | 0 ||| qw: Goals: Normal
     0 | D:1      | 0 ||| PLANNING D:1-11
   116 | D:1      | 116 ||| FLEEEEING.
   117 | D:1      | 117 ||| FLEEEEING.
   131 | D:1      | Reached XP level 2. HP: 16/16 MP: 3/3
   213 | D:1      | Reached skill level 3 in Ranged Weapons
   299 | D:1      | Reached XP level 3. HP: 21/21 MP: 4/4
   773 | D:1      | 773 ||| UPGRADING to +0 leather armour.
   783 | D:1      | 783 ||| DROPPING +0 robe.
   784 | D:1      | 784 ||| UPGRADING to +0 cloak.
   789 | D:1      | 789 ||| UPGRADING to +6 ring of dexterity.
   790 | D:1      | 790 ||| READING scroll labelled XACROPT UREK.
   791 | D:1      | 791 ||| READING 4 scrolls labelled SEGUKHL BAAZ.
   792 | D:1      | 792 ||| READING scroll labelled GUGOPR KEOFYGG.
   893 | D:1      | 893 ||| READING scroll labelled UGIW OFYLEUBLU.
   898 | D:1      | 898 ||| READING scroll labelled ZUATERETT ESEL.
   914 | D:1      | 914 ||| READING scroll labelled HYOKAKHLAOFF.
   915 | D:1      | 915 ||| READING 3 scrolls of identify.
   915 | D:1      | 915 ||| IDENTIFYING sapphire potion
   916 | D:1      | 916 ||| DROPPING scroll of poison.
   917 | D:1      | 917 ||| DROPPING potion of degeneration.
  1072 | D:2      | Found Ocedwao's Vocational Training.
  1160 | D:2      | Reached XP level 4. HP: 26/26 MP: 5/5
  1198 | D:2      | Reached skill level 4 in Ranged Weapons
  1206 | D:2      | HP: 5/26 [frozen (4)]
  1207 | D:2      | 1207 ||| READING scroll of teleportation.
  1211 | D:2      | 1211 ||| FLEEEEING.
  1212 | D:2      | 1212 ||| FLEEEEING.
  1213 | D:2      | 1213 ||| FLEEEEING.
  1256 | D:2      | 1256 ||| FLEEEEING.
  1258 | D:2      | 1258 ||| STAIRDANCE
  1291 | D:1      | 1291 ||| READING scroll labelled GINAEPTIEL.
  1292 | D:1      | 1292 ||| READING 2 scrolls of identify.
  1292 | D:1      | 1292 ||| IDENTIFYING smoky yellow potion
  1293 | D:1      | 1293 ||| DROPPING potion of lignification.
  2224 | D:3      | 2224 ||| DRINKING 2 lumpy silvery potions.
  2225 | D:3      | 2225 ||| DROPPING potion of attraction.
  2263 | Abyss:1  | Cast into level 1 of the Abyss (gnoll)
  2305 | Abyss:1  | Noticed a green draconian
  2316 | Abyss:1  | Slain by a green draconian

Levels and vault maps discovered:
D:1:      minmay_arrival_diagonal_passages, layout_loops_ring, nicolae_wormholes
D:2:      layout_rooms, nicolae_shop_vocational
D:3:      layout_loops_ring
D:4:      minmay_clustersquares, layout_basic, minmay_temple_entry_purple_smoke,
          uniq_blork_the_orc
Abyss:1:  base:
D:3

Skill      XL: |  1  2  3  4 |
---------------+-------------+-----
Ranged Weapons | 3 4 |  4.4
Fighting       | 2 |  2.0
Dodging        | |  1.5
Spellcasting   | |  1.0
Hexes          | |  2.6

Action                     |  1- 3 |  4- 6 || total
---------------------------+-------+-------++-------
   Fire: Sling             |   101 |    74 ||   175
    Use: Scroll            |     7 |     3 ||    10
         Potion            |       |     1 ||     1
 Armour: Robe              |     4 |       ||     4
         Leather armour    |       |    23 ||    23
  Dodge: Dodged            |    21 |    33 ||    54

Table legend:
 A = Non-vault XP
 B = Vault XP
 C = Vault XP percentage of total XP
 D = Non-vault monster count
 E = Vault monster count
 F = Vault count percentage of total count
                 A         B        C        D         E       F
            +---------+---------+-------+---------+---------+-------
      Total |     133 |       5 |   3.6 |      60 |       1 |   1.6
            +---------+---------+-------+---------+---------+-------
        D:1 |      40 |       5 |  11.1 |      23 |       1 |   4.2
        D:2 |      60 |       0 |   0.0 |      21 |       0 |   0.0
        D:3 |      33 |       0 |   0.0 |      16 |       0 |   0.0
            +---------+---------+-------+---------+---------+-------
